 Dungeon Crawl Stone Soup version 0.25-a0-1133-g93ebf739aa (webtiles) character file.

Game seed: 1582557872705239912, levelgen mode: deterministic

5991 wullow the Blocker (level 10, -19/79 HPs)
             Began as a Demonspawn Fighter on May 21, 2020.
             Was a Priest of Okawaru.
             Demolished by a death yak (25 damage)
             ... on level 8 of the Dungeon.
             The game lasted 00:13:49 (8809 turns).

wullow the Blocker (Demonspawn Fighter)             Turns: 8809, Time: 00:13:50

Health: -19/79     AC:  7    Str: 17    XL:     10   Next: 55%
Magic:  10/10      EV: 10    Int: 10    God:    Okawaru [***...]
Gold:   364        SH: 12    Dex: 15    Spells: 9/9 levels left

rFire    . . .     SeeInvis .   k - +7 dagger (elec)
rCold    . . .     Gourm    .   c - +1 kite shield
rNeg     . . .     Faith    +   A - +1 robe of Okawaru's Generosity {Stlth+}
rPois    +         Spirit   .   z - +0 helmet
rElec    .         Reflect  .   D - +0 cloak
rCorr    .         Harm     .   (no gloves)
MR       .....                  (no boots)
Stlth    ++++++....             o - amulet of faith
HPRegen  0.23/turn              y - ring of poison resistance
MPRegen  0.12/turn              (no ring)

@: no status effects
A: hooves 2, slimy green scales 1, nightstalker 2, powered by death 2
a: Heroism, Renounce Religion


You were on level 8 of the Dungeon.
You worshipped Okawaru.
Okawaru was most pleased with you.
You were hungry.

You visited 2 branches of the dungeon, and saw 10 of its levels.

You collected 364 gold pieces.

Inventory:

Hand Weapons
 a - a +0 rapier
 k - a +7 dagger of electrocution (weapon)
 s - the +7 long sword of Defiance {vorpal, rPois rN+}
   (You took it off a big kobold on level 6 of the Dungeon)

   It inflicts extra damage upon your enemies.
   It protects you from poison.
   It protects you from negative energy.
 v - a +0 short sword of freezing
 B - a +1 whip of freezing
Missiles
 h - 234 stones (quivered)
 n - 65 sling bullets
 t - 72 arrows
Armour
 c - a +1 kite shield (worn)
 e - a +0 chain mail of magic resistance
 x - a cursed +0 robe
 z - a +0 helmet (worn)
 A - the +1 robe of Okawaru's Generosity (worn) {Stlth+}
   (You found it on level 4 of the Dungeon)

   It makes you more stealthy.
 D - a +0 cloak (worn)
 E - +2 steam dragon scales
 F - a +1 robe of fire resistance
Jewellery
 o - an amulet of faith (around neck)
 y - a ring of poison resistance (left hand)
Wands
 b - a wand of disintegration (11)
 w - a wand of paralysis (7)
Scrolls
 g - 4 scrolls of teleportation
 j - 9 scrolls of identify
 l - 4 scrolls of amnesia
 m - a scroll of remove curse
Potions
 d - a potion of might
 i - a potion of haste
 p - 4 potions of curing
 q - a potion of resistance
 r - a potion of flight
 u - 2 potions of lignification
 C - 2 potions of magic {unknown}
Comestibles
 f - 10 rations
 G - 2 chunks of flesh


   Skills:
 + Level 7.1 Fighting
 * Level 8.8 Short Blades
 - Level 3.0 Armour
 + Level 6.1 Stealth
 * Level 9.0 Shields


You had 9 spell levels left.
You didn't know any spells.
Your spell library was empty.

Dungeon Overview and Level Annotations

Branches:
Dungeon (9/15)             Temple (1/1) D:6            Lair (0/6) D:9
    Orc: D:9-12

Altars:
Ashenzari
Cheibriados
Dithmenos
Elyvilon
Fedhas
Gozag
Hepliaklqana
Kikubaaqudgha
Makhleb
Nemelex Xobeh
Okawaru
Qazlal
Ru
Sif Muna
Trog
Uskayaw
Vehumet
Wu Jian
Xom
Yredelemnul
Zin
The Shining One

Shops:
D:4 (

Annotations:
D:3 2 transporters


Innate Abilities, Weirdness & Mutations

You have hoof-like feet.
You are partially covered in slimy green scales. (AC +2)
You are significantly more attuned to the shadows.
You regenerate health from kills.


Message History

Okay, then.
The death yak snorts and paws the ground.
Unknown command.
The death yak snorts and paws the ground.
You hit the death yak. You kick the death yak.
The death yak is lightly wounded.
The death yak gores you!!
* * * LOW HITPOINT WARNING * * *
You barely miss the death yak. You kick the death yak.
The death yak is lightly wounded.
You hit the death yak but do no damage.
The death yak is lightly wounded.
The death yak gores you but does no damage.
Your shield prevents you from hitting the death yak.
Your kick misses the death yak.
The death yak is lightly wounded.
Unknown command.
Okay, then.
The death yak gores you!!
You die...

#.#.##.........#.###########
######.#.##...........#..........
.........##.####......##.###...##
#....#...##.# #......##.#.......
#....#...##.# #......##.#.#...##
#....#...##.# #.......#.#.....'.
#....#...##.## #.......#.###...##
.....#...#...###Y#.#.............
#....#.........#@#.#.#.#.########
#.##.#..##...#.#.#.#.#...#...####
#...[#..##.....#.#.#.............
######..##....##.#.#...#.########
# #..##....##.#........[>..... #
#..##...............###)..## #
#..###+####.#########.....# #
#..# #..........# #.....# #
#..####.#.#.###.# #.....#


You could see a death yak.

Vanquished Creatures
  A death yak (D:9)
  An unseen horror (D:8)
  Maggie (D:6)
  2 trolls
  Grinder (D:6)
  Prince Ribbit (D:6)
  Edmund (D:4)
  2 ice beasts (D:6)
  2 orc warriors (D:8)
  A black bear (D:7)
  A phantom (D:8)
  2 sky beasts (D:5)
  5 ogres
  A centaur (D:5)
  3 bullfrogs (D:6)
  Blork the orc (D:4)
  3 big kobolds
  3 scorpions
  10 killer bees
  2 howler monkeys
  3 wights (D:7)
  5 crimson imps
  A bullfrog zombie (D:6)
  A centaur zombie (D:8)
  A jelly (D:7)
  4 hounds
  4 orc wizards
  Crazy Yiuf (D:4)
  A bullfrog skeleton (D:5)
  4 orc priests
  A centaur skeleton (D:5)
  An iguana (D:5)
  5 worker ants
  A killer bee zombie (D:6)
  A hound zombie (D:4)
  2 hound skeletons
  4 worker ant zombies
  Robin (D:4)
  7 gnolls
  3 adders
  3 shadow imps
  3 oozes
  3 worms
  A dart slug (D:2)
  6 leopard geckos
  13 orcs
  2 bats
  5 giant cockroaches
  6 hobgoblins
  3 jackals (D:5)
  3 quokkas
  7 frilled lizards
  17 goblins
  23 kobolds
  A leopard gecko skeleton (D:7)
  A quokka skeleton (D:5)
  7 rats
199 creatures vanquished.

Vanquished Creatures (others)
  An orc wizard (D:4)
1 creature vanquished.

Grand Total: 200 creatures vanquished

Notes
Turn   | Place    | Note
-------+----------+-------------------------------------------
     0 | D:1      | wullow the Demonspawn Fighter began the quest for the Orb.
     0 | D:1      | Reached XP level 1. HP: 18/18 MP: 1/1
   351 | D:1      | Gained mutation: You have large cloven feet. [demonic
                  | ancestry]
   351 | D:1      | Reached XP level 2. HP: 24/24 MP: 2/2
  1034 | D:2      | Reached skill level 3 in Shields
  1192 | D:2      | Found a faded altar of an unknown god.
  1294 | D:2      | Found an opulent altar of Gozag.
  1331 | D:2      | Gained mutation: You are slightly more attuned to the
                  | shadows. [demonic ancestry]
  1331 | D:2      | Reached XP level 3. HP: 25/29 MP: 3/3
  1748 | D:2      | Found a sparkling altar of Nemelex Xobeh.
  1750 | D:2      | Found a stormy altar of Qazlal.
  1755 | D:2      | Found a glowing golden altar of the Shining One.
  1804 | D:2      | Found a shadowy altar of Dithmenos.
  1854 | D:2      | Found a glowing silver altar of Zin.
  2135 | D:3      | Found a transporter.
  2159 | D:3      | Found a transporter.
  2201 | D:3      | Gained mutation: You are significantly more attuned to the
                  | shadows. [demonic ancestry]
  2201 | D:3      | Reached XP level 4. HP: 31/35 MP: 4/4
  2258 | D:3      | Found a shattered altar of Ashenzari.
  2514 | D:4      | Noticed Robin
  2529 | D:4      | Killed Robin
  2542 | D:4      | Reached XP level 5. HP: 34/41 MP: 5/5
  2577 | D:4      | Got a distressingly furry robe
  2610 | D:4      | Noticed Edmund
  2615 | D:4      | Killed Edmund
  2615 | D:4      | Reached skill level 1 in Stealth
  2615 | D:4      | Reached skill level 4 in Shields
  2622 | D:4      | Gained mutation: You are partially covered in slimy green
                  | scales. (AC +2) [demonic ancestry]
  2622 | D:4      | Reached XP level 6. HP: 39/48 MP: 6/6
  2736 | D:4      | Noticed Blork the orc
  3243 | D:4      | Found a runed translucent door.
  3245 | D:4      | Noticed Crazy Yiuf
  3256 | D:4      | Killed Crazy Yiuf
  3442 | D:4      | Killed Blork the orc
  3461 | D:4      | Gained mutation: You regenerate a little health from kills.
                  | [demonic ancestry]
  3461 | D:4      | Reached XP level 7. HP: 25/54 MP: 7/7
  3668 | D:4      | Reached skill level 5 in Shields
  4245 | D:4      | Found Xycome's Antique Weapon Emporium.
  4326 | D:5      | Entered Level 5 of the Dungeon
  4573 | D:5      | Reached skill level 5 in Short Blades
  4764 | D:5      | Reached XP level 8. HP: 61/61 MP: 8/8
  4904 | D:5      | Reached skill level 5 in Fighting
  4941 | D:5      | Reached skill level 6 in Shields
  5355 | D:6      | Noticed Prince Ribbit
  5364 | D:6      | Killed Prince Ribbit
  5770 | D:6      | Identified the +7 long sword of Defiance {vorpal, rPois
                  | rN+}
  5781 | D:6      | Noticed Grinder
  5788 | D:6      | Paralysed by Grinder for 6 turns
  5800 | D:6      | Killed Grinder
  5800 | D:6      | Gained mutation: You have hoof-like feet. [demonic
                  | ancestry]
  5800 | D:6      | Reached XP level 9. HP: 34/68 MP: 9/9
  5997 | D:6      | Reached skill level 7 in Shields
  6112 | D:6      | Found a staircase to the Ecumenical Temple.
  6125 | Temple   | Entered the Ecumenical Temple
  6130 | Temple   | Became a worshipper of Warmaster Okawaru
  6279 | D:6      | Noticed Maggie
  6301 | D:6      | Killed Maggie
  6301 | D:6      | Reached * piety under Okawaru
  6594 | D:7      | Reached skill level 5 in Stealth
  6882 | D:7      | Reached skill level 8 in Shields
  6921 | D:7      | Reached ** piety under Okawaru
  6942 | D:7      | Noticed a troll
  6953 | D:7      | Killed a troll
  7227 | D:7      | Gained mutation: You regenerate health from kills. [demonic
                  | ancestry]
  7227 | D:7      | Reached XP level 10. HP: 77/77 MP: 10/10
  7247 | D:7      | Identified the cursed +1 robe of Okawaru's Generosity
                  | {Stlth+} (You found it on level 4 of the Dungeon)
  8446 | D:8      | Killed an unseen horror
  8446 | D:8      | Reached *** piety under Okawaru
  8701 | D:9      | Noticed a death yak
  8703 | D:9      | Found a staircase to the Lair.
  8703 | D:9      | Noticed a death yak
  8706 | D:9      | Noticed a death yak
  8706 | D:9      | Noticed a death yak
  8707 | D:9      | Noticed a death yak
  8707 | D:9      | Noticed a death yak
  8710 | D:9      | Noticed a death yak
  8713 | D:9      | Killed a death yak
  8713 | D:9      | Reached skill level 9 in Shields
  8733 | D:9      | Noticed a two-headed ogre
  8809 | D:8      | Demolished by a death yak

Illustrated notes

Levels and vault maps discovered:
D:1:      elethiomel_arrival_maze, layout_basic, serial_park_tiny_2,
          minmay_fountain_box
D:2:      layout_rooms, old_standard_altar, nicolae_overflow_crystal_walls,
          marbit_many_paths, minitemple, chequers_ecumenical_altar_simple,
          grunt_decor_fettered
D:3:      layout_basic, ashenzari_conservatory_becter,
          gammafunk_ghost_stat_death
D:4:      layout_loops_ring, serial_shops, kennysheep_little_box, uniq_edmund,
          uniq_robin, uniq_blork_the_orc, uniq_crazy_yiuf_cottage
D:5:      layout_loops_ring, first_ration, kennysheep_pointless_box
D:6:      layout_rooms, minmay_temple_entry_proselytizer,
          kennysheep_nondescript, uniq_maggie, uniq_grinder, uniq_prince_ribbit1
D:7:      layout_basic, lightli_corner_chamber
D:8:      layout_basic
D:9:      layout_basic, dpeg_lair_monsters
Temple:   minmay_freezing_vapour_temple

Skill      XL: |  1  2  3  4  5  6  7  8  9 10 |
---------------+-------------------------------+-----
Short Blades   | 2 3 4 5 6 7 8 |  8.8
Shields        | 3 4 5 6 8 9 |  9.0
Armour         | 3 |  3.0
Stealth        | 1 2 3 4 5 6 |  6.1
Fighting       | 4 5 6 7 |  7.1

Action                   |  1- 3 |  4- 6 |  7- 9 | 10-12 || total
-------------------------+-------+-------+-------+-------++-------
Melee: Rapier            |    33 |       |       |       ||    33
       Dagger            |    97 |    83 |   401 |    99 ||   680
       Kick              |    26 |    24 |   105 |    30 ||   185
  Use: Scroll            |       |    13 |       |     7 ||    20
       Potion            |       |     2 |     1 |       ||     3
 Stab: Sleeping          |       |       |    19 |    11 ||    30
       Distracted        |       |       |     1 |       ||     1
  Eat: Chunk             |     4 |     4 |     8 |     5 ||    21
       Ration            |       |       |     1 |       ||     1
Armor: Scale mail        |    42 |    21 |    67 |       ||   130
       Steam dragon scal |       |       |    37 |       ||    37
       Robe              |       |       |       |    21 ||    21
Dodge: Dodged            |    23 |    11 |    76 |    14 ||   124
Block: Kite shield       |    52 |    28 |   165 |    36 ||   281

Table legend:
 A = Non-vault XP
 B = Vault XP
 C = Vault XP percentage of total XP
 D = Non-vault monster count
 E = Vault monster count
 F = Vault count percentage of total count
                 A         B        C        D         E       F
            +---------+---------+-------+---------+---------+-------
      Total |    6364 |    2195 |  25.6 |     180 |      20 |  10.0
            +---------+---------+-------+---------+---------+-------
        D:1 |      18 |       0 |   0.0 |      11 |       0 |   0.0
        D:2 |      50 |       7 |  12.3 |      20 |       1 |   4.8
        D:3 |     196 |       0 |   0.0 |      17 |       0 |   0.0
        D:4 |     395 |     325 |  45.1 |      16 |      14 |  46.7
        D:5 |    1018 |       0 |   0.0 |      27 |       0 |   0.0
        D:6 |    1003 |    1014 |  50.3 |      22 |       4 |  15.4
        D:7 |    1515 |       0 |   0.0 |      40 |       0 |   0.0
        D:8 |    1778 |       0 |   0.0 |      22 |       0 |   0.0
        D:9 |     391 |     849 |  68.5 |       5 |       1 |  16.7
            +---------+---------+-------+---------+---------+-------
